 Dungeon Crawl Stone Soup version 0.20-a0-350-ga83eecc (webtiles) character file.

26 HAL9000 the Slasher (level 2, 0/26 HPs)
             Began as a Minotaur Fighter on Dec 23, 2016.
             Succumbed to an adder's poison
             ... on level 2 of the Dungeon.
             The game lasted 00:01:25 (632 turns).

HAL9000 the Slasher (Minotaur Fighter)               Turns: 632, Time: 00:01:26

Health: 0/26       AC:  6    Str: 20    XL:     2   Next: 89%
Magic:  1/1        EV:  4    Int:  5    God:
Gold:   44         SH:  9    Dex:  9    Spells: 1/1 levels left

rFire  . . .     SeeInvis .     a - +0 long sword
rCold  . . .     Gourm    .     b - +0 scale mail
rNeg   . . .     Faith    .     c - +0 shield
rPois  .         Spirit   .     (helmet restricted)
rElec  .         Reflect  .     (no cloak)
rCorr  .         Harm     .     (no gloves)
MR     .....                    (no boots)
Stlth  ..........               (no amulet)
                                (no ring)
                                (no ring)

@: lethally poisoned (0 -> -11), constricted
A: retaliatory headbutt, horns 2
a: no special abilities


You were on level 2 of the Dungeon.
You were not hungry.

You visited 1 branch of the dungeon, and saw 2 of its levels.

You collected 44 gold pieces.

Inventory:

Hand Weapons
 a - a +0 long sword (weapon)
Armour
 b - a +0 scale mail (worn)
 c - a +0 shield (worn)
Jewellery
 h - an uncursed ring of resist corrosion {unknown}
Scrolls
 g - a scroll of amnesia {unknown}
 l - a scroll of enchant armour {unknown}
 n - 4 scrolls of identify {unknown}
 p - a scroll of teleportation {unknown}
Potions
 d - a potion of might
 j - a potion of heal wounds {unknown}
 k - 2 potions of lignification {unknown}
 o - a potion of curing {unknown}
 q - a potion of resistance {unknown}
Comestibles
 f - 2 bread rations
 i - a meat ration


   Skills:
 - Level 3.6 Fighting
 + Level 4.2 Long Blades
 - Level 3.6 Armour
 - Level 3.6 Shields


You had one spell level left.
You didn't know any spells.

Dungeon Overview and Level Annotations

Branches:
Dungeon (2/15)

Altars:


Innate Abilities, Weirdness & Mutations

You reflexively headbutt those who attack you in melee.
You have a pair of horns on your head.


Message History

The frilled lizard hisses.
The ball python barely misses you. The ball python constricts you.
You closely miss the adder. Your headbutt misses the adder.
The adder is almost dead.
The adder bites you.
* * * LOW HITPOINT WARNING * * *
You block the ball python's attack. The ball python constricts you.
You block the adder's attack.
Unknown command.
Your shield and scale mail prevent you from hitting the adder.
The adder is almost dead.
The ball python barely misses you.
* * * LOW HITPOINT WARNING * * *
The ball python constricts you. The adder bites you.
* * * LOW HITPOINT WARNING * * *
You are more poisoned.
The adder poisons you!
You closely miss the adder. Your headbutt misses the adder.
The adder is almost dead.
You die...

#.##..# #.# #######
#####.##..#######.# .......
#..........#..<.)..# .......
#.####.###.######### .......
.##.....#.......... .......
.................. .......
.#...............[.
.......###+#.##S.............
............lS@....#.........
#+#####$....)#####.#.########
#..........#.#.# .
....#####.(.#.#.#.# .# ....
#.#.#.# #.# .# ......
...#(#.# #.###.#
#.....#######.#.#.#.....###
#.............#.#.#.......#
+... ................###.#


You could see an adder, a ball python and a frilled lizard.

Vanquished Creatures
  A worm (D:2)
  2 leopard geckos
  2 giant cockroaches (D:1)
  3 hobgoblins (D:1)
  3 jackals (D:1)
  A quokka (D:2)
  A bat (D:2)
  5 kobolds
  A rat (D:1)
19 creatures vanquished.

Notes
Turn   | Place    | Note
-------+----------+-------------------------------------------
     0 | D:1      | HAL9000 the Minotaur Fighter began the quest for the Orb.
     0 | D:1      | Reached XP level 1. HP: 19/19 MP: 0/0
    73 | D:1      | Reached skill level 3 in Long Blades
   172 | D:1      | Reached XP level 2. HP: 22/26 MP: 1/1
   515 | D:2      | Reached skill level 4 in Long Blades
   631 | D:2      | HP: 1/26 [adder (4)]
   632 | D:2      | Succumbed to an adder's poison

Vault maps used:
D:1:      eino_arrival_cavern_d
D:2:      grunt_gozag_statues

Skill      XL: |  1  2 |
---------------+-------+-----
Long Blades    | 3 4 |  4.2
Fighting       | |  3.6
Armour         | |  3.6
Shields        | |  3.6

Action                   || total
-------------------------++-------
Melee: Long sword        ||    60
       Headbutt          ||     4
Armor: Scale mail        ||    33
Dodge: Dodged            ||    14
Block: Shield            ||    45
       Rpst.: Long sword ||     2
